 Dungeon Crawl Stone Soup version bcrawl-1.31 (webtiles) character file.

Game seed: 15716707126387730881

129614 AtilaTheSponge the Chopper (level 5, 0/48 HPs)
             Began as a Minotaur Berserker on Mar 24, 2021.
             Was a Believer of Trog.
             Slain by a hungry ghost (3 damage)
             ... on level 3 of the Dungeon.
             The game lasted 00:31:45 (2787 turns).

AtilaTheSponge the Chopper (Minotaur Berserker)     Turns: 2787, Time: 00:31:45

Health: 0/48       AC:  2    Str: 22    XL:     5   Next: 9%
Magic:  4/4        EV: 12    Int:  4    God:    Trog [**....]
Gold:   222        SH:  0    Dex: 10    Spells: 4/4 levels left

rFire    . . .     SeeInvis .   a - +0 hand axe
rCold    . . .     Gourm    .   (no shield)
rNeg     . . .     Faith    .   b - +0 animal skin
rPois    .         Spirit   .   (helmet restricted)
rElec    .         Reflect  .   (no cloak)
rCorr    .         Harm     .   (no gloves)
MR       .....                  (no boots)
Stlth    +.........             (no amulet)
HPRegen  0.16/turn              (no ring)
MPRegen  0.09/turn              (no ring)

@: no status effects
A: retaliatory headbutt, horns 2
a: Berserk, Trog's Hand, Renounce Religion


You were on level 3 of the Dungeon.
You worshipped Trog.
Trog was pleased with you.
You were near starving.

You visited 1 branch of the dungeon, and saw 3 of its levels.

You collected 222 gold pieces.

Inventory:

Hand Weapons
 a - a +0 hand axe (weapon)
 d - a +2 whip of electrocution
 f - a +0 club
 k - a +0 short sword
 l - a +0 dagger
 n - a +0 club
 o - a +0 club
 p - a +0 whip
 r - a +0 club
 t - a +0 mace
 u - a +2 hunting sling of velocity
 w - a +0 whip
 x - a +0 club
 y - a +0 short sword
 F - a +0 club
 N - a +0 whip
 O - a +0 club
Missiles
 c - 1072 stones (quivered)
 h - 51 poisoned tomahawks
 q - 136 bolts
 B - 41 poisoned needles
 L - 218 sling bullets
Armour
 b - a +0 animal skin (worn)
 C - a cursed +0 ring mail
 D - a +0 robe
 H - a +0 ring mail
Jewellery
 I - an uncursed amulet of the gourmand {unknown}
Wands
 v - a wand of disintegration (12)
Scrolls
 g - a scroll of amnesia {unknown}
 i - 2 scrolls of identify
 A - 2 scrolls of teleportation {unknown}
 G - a scroll of remove curse {unknown}
 J - a scroll of fear {unknown}
 M - a scroll of enchant armour {unknown}
Potions
 j - 3 potions of haste {unknown}
 m - a potion of berserk rage {unknown}
 s - a potion of degeneration {unknown}
 z - 2 potions of mutation {unknown}
 E - a potion of agility {unknown}
 K - a potion of invisibility {unknown}
Comestibles
 e - 6 rations {!d}


   Skills:
 + Level 5.0 Fighting
 + Level 5.2 Axes
 + Level 2.7 Armour
 + Level 3.0 Dodging
 + Level 0.6 Stealth


You had 4 spell levels left.
You didn't know any spells.
Your spell library was empty.

Dungeon Overview and Level Annotations

Branches:
Dungeon (3/12)

Altars:
Elyvilon


Innate Abilities, Weirdness & Mutations

You reflexively headbutt those who attack you in melee.
You have a pair of horns on your head.


Message History

The hungry ghost is severely damaged.
The hungry ghost hits you.
* * * LOW HITPOINT WARNING * * *
You feel quite a bit more hungry.
You closely miss the hungry ghost.
The hungry ghost is severely damaged.
The hungry ghost hits you.
* * * LOW HITPOINT WARNING * * *
You are feeling very hungry.
You miss the hungry ghost. Your headbutt misses the hungry ghost.
The hungry ghost is severely damaged.
The hungry ghost barely misses you.
You barely miss the hungry ghost.
The hungry ghost is severely damaged.
The hungry ghost hits you.
You are near starving!
You miss the hungry ghost.
The hungry ghost is severely damaged.
The hungry ghost hits you.
You die...

#.#...... ...... .. ..
#.###.. ......
..######.##... ....[. ..
#...#.##... ...... .#
#..........
....###.###..........
........#.......###
#W)....##......###
#@...............#
#................#
##...............#
#.....#####.#....
#......####.#####
#......#.........
#######....#....####.
######.......####.........
#.........................


You could see a hungry ghost.

Vanquished Creatures
  A crimson imp (D:2)
  A hound skeleton (D:3)
  2 adders
  2 oozes (D:3)
  2 worms (D:2)
  7 leopard geckos
  2 orcs
  A giant cockroach (D:1)
  8 goblins
  6 hobgoblins
  2 quokkas (D:2)
  A ball python (D:2)
  6 bats
  6 frilled lizards
  12 kobolds
  3 rats
62 creatures vanquished.

Notes
Turn   | Place    | Note
-------+----------+-------------------------------------------
     0 | D:1      | AtilaTheSponge the Minotaur Berserker began the quest for
                  | the Orb.
     0 | D:1      | Reached XP level 1. HP: 19/19 MP: 0/0
   242 | D:1      | Reached XP level 2. HP: 17/27 MP: 1/1
  1092 | D:2      | Reached XP level 3. HP: 33/33 MP: 2/2
  1159 | D:2      | Reached ** piety under Trog
  1323 | D:2      | Reached XP level 4. HP: 13/41 MP: 3/3
  1379 | D:2      | Found a white marble altar of Elyvilon.
  2379 | D:3      | Found a faded altar of an unknown god.
  2421 | D:3      | Reached skill level 5 in Axes
  2769 | D:3      | Noticed a hungry ghost
  2772 | D:3      | Reached skill level 5 in Fighting
  2772 | D:3      | Reached XP level 5. HP: 22/48 MP: 4/4
  2787 | D:3      | Slain by a hungry ghost

Skill      XL: |  1  2  3  4 |
---------------+-------------+-----
Fighting       | 4 5 |  5.0
Axes           | 4 5 |  5.2
Dodging        | 3 |  3.0
Armour         | |  2.7
Stealth        | |  0.6

Action                   |  1- 3 |  4- 6 || total
-------------------------+-------+-------++-------
Melee: Hand axe          |    85 |    56 ||   141
       Headbutt          |    15 |     5 ||    20
  Use: Scroll            |     1 |       ||     1
  Eat: Chunk             |     3 |     3 ||     6
       Ration            |       |     1 ||     1
Armor: Animal skin       |    18 |    11 ||    29
Dodge: Dodged            |    57 |    52 ||   109
